 Dungeon Crawl Stone Soup version 0.30.0-5-g1a98f26d00 (webtiles) character file.

Game seed: 17927685982561445277

199765 jimonade the Severer (level 18, -3/170 HPs)
             Began as a Minotaur Monk on May 10, 2023.
             Was an Elder of Uskayaw.
             Slain by a +3 glaive of protection (9 damage)
             ... on level 3 of the Elven Halls.
             The game lasted 01:35:11 (29176 turns).

jimonade the Severer (Minotaur Monk)               Turns: 29176, Time: 01:35:11

Health: -3/170     AC: 22    Str: 25    XL:     18   Next: 25%
Magic:  25/25      EV: 11    Int: 17    God:    Uskayaw [****..]
Gold:   949        SH: 19    Dex: 15    Spells: 17/17 levels left

rFire   + . .        a - +10 broad axe of the Lusting Oracle {heavy, +Blink rC++ rN+ Stlth-}
rCold   + + +        f - +0 kite shield
rNeg    + + +        A - +4 plate armour {rPois}
rPois   +            o - +0 hat of Midsummer {rN++ Regen+ Int+4 Dex-2 Stlth+}
rElec   +            G - +2 cloak
rCorr   .            S - +2 pair of gloves {Dex+3}
SInv    .            L - +1 pair of boots {rampage}
Will    ++...        p - amulet of reflection Stlth
                     W - ring "Dofefess" {Will+ Str+6}
HPRegen 1.28/turn    n - ring of Nery {rElec rF+ rC+ Stlth+}
MPRegen 0.19/turn

%: reflection, rampage
@: corroded, hasted, very quick
A: horns 2, retaliatory headbutt, clever 1
a: Renounce Religion, Evoke Blink, Stomp, Line Pass


You were on level 3 of the Elven Halls.
You worshipped Uskayaw.
Uskayaw was aware of your devotion.
You visited 5 branches of the dungeon, and saw 26 of its levels.
You also visited: Bailey, Gauntlet and Desolation.

You collected 4695 gold pieces.
You spent 3746 gold pieces at shops.

Inventory:

Hand Weapons
 a - the +10 broad axe of the Lusting Oracle (weapon) {heavy, +Blink rC++ rN+ Stlth-}
   (You took it off a kobold demonologist on level 11 of the Dungeon)

   rC:        It greatly protects you from cold.
   rN:        It protects you from negative energy.
   +Blink:    It lets you blink.
   Stlth:     It makes you less stealthy.
Missiles
 w - 7 throwing nets (quivered)
 F - 18 javelins
Armour
 f - a +0 kite shield (worn)
 o - the +0 hat of Midsummer (worn) {rN++ Regen+ Int+4 Dex-2 Stlth+}
   (You acquired it on level 1 of the Orcish Mines)

   Int:       It affects your intelligence (+4).
   Dex:       It affects your dexterity (-2).
   rN:        It greatly protects you from negative energy.
   Regen:     It increases your rate of health regeneration.
   Stlth:     It makes you more stealthy.
 s - the +8 crystal plate armour "Memorch" {Int+4}
   (You took it off a minotaur in a Gauntlet)

   Int:       It affects your intelligence (+4).
 A - a +4 plate armour of poison resistance (worn)
 G - a +2 cloak (worn)
 L - a +1 pair of boots of rampaging (worn)
 S - a +2 pair of gloves of dexterity (worn)
Jewellery
 g - the ring of Fucutygh {rPois rCorr AC+4 Str+3}
   (You bought it in a shop on level 2 of the Orcish Mines)

   [ring of protection]

   AC:        It affects your AC (+4).
   Str:       It affects your strength (+3).
   rPois:     It protects you from poison.
   rCorr:     It protects you from acid and corrosion.
 n - the ring of Nery (right hand) {rElec rF+ rC+ Stlth+}
   (You bought it in a shop on level 2 of the Orcish Mines)

   [ring of protection from cold]

   rF:        It protects you from fire.
   rC:        It protects you from cold.
   rElec:     It insulates you from electricity.
   Stlth:     It makes you more stealthy.
 p - an amulet of reflection (around neck)
 t - a ring of see invisible
 v - a ring of flight
 W - the ring "Dofefess" (left hand) {Will+ Str+6}
   (You took it off a kobold demonologist on level 11 of the Dungeon)

   [ring of strength]

   Str:       It affects your strength (+6).
   Will:      It increases your willpower.
Wands
 e - a wand of flame (37)
 u - a wand of digging (16)
 x - a wand of iceblast (35)
 y - a wand of mindburst (4)
 N - a wand of light (23)
 O - a wand of paralysis (23)
 R - a wand of polymorph (6)
Scrolls
 h - 6 scrolls of fear
 l - 4 scrolls of enchant weapon
 q - 13 scrolls of enchant armour
 z - 9 scrolls of teleportation
 B - a scroll of blinking
 C - a scroll of summoning
 D - 3 scrolls of brand weapon
 E - 5 scrolls of fog
 H - 4 scrolls of amnesia
 K - 2 scrolls of magic mapping
 M - 5 scrolls of poison
 P - 2 scrolls of identify
 U - 3 scrolls of silence
 V - 9 scrolls of immolation
Potions
 b - a potion of lignification
 c - a potion of ambrosia
 i - 4 potions of attraction
 j - 6 potions of heal wounds
 k - 3 potions of cancellation
 m - 3 potions of resistance
 r - 13 potions of curing
 I - 4 potions of flight
 J - 4 potions of berserk rage
 T - a potion of magic {unknown}
 Y - 5 potions of brilliance
 Z - 2 potions of might
Miscellaneous
 d - a phantom mirror
 Q - a lightning rod (4/4)


   Skills:
 + Level 17.2 Fighting
 + Level 20.8(22.1) Axes
 - Level 12.8(18.3) Maces & Flails
 + Level 15.1 Armour
 + Level 9.5 Dodging
 - Level 0.6 Stealth
 * Level 15.8 Shields
 * Level 11.1 Invocations


You had 17 spell levels left.
You didn't know any spells.
Your spell library contained the following spells:

 Spells                   Type           Power      Damage    Failure   Level
 Apportation              Tloc           0%         N/A       94%         1
 Kiss of Death            Conj/Necr      0%         2d5       94%         1
 Sting                    Tmut/Pois      0%         1d3       94%         1
 Blink                    Tloc           0%         N/A       98%         2
 Cigotuvi's Dreadful Rot  Necr/Pois/Air  0%         N/A       98%         2
 Ensorcelled Hibernation  Hex/Ice        0%         N/A       98%         2
 Passwall                 Tmut/Erth      0%         N/A       98%         2
 Static Discharge         Conj/Air       0%         2-2/arc   98%         2
 Sublimation of Blood     Necr           0%         N/A       98%         2
 Confusing Touch          Hex            0%         N/A       100%        3
 Dazzling Flash           Conj/Hex       0%         N/A       100%        3
 Hailstorm                Conj/Ice       0%         3d3       100%        3
 Ozocubu's Armour         Ice            0%         N/A       100%        3
 Portal Projectile        Hex/Tloc       0%         N/A       100%        3
 Swiftness                Air            0%         N/A       100%        3
 Teleport Other           Tloc           0%         N/A       100%        3
 Tukima's Dance           Hex            0%         N/A       100%        3
 Vhi's Electric Charge    Tloc/Air       0%         N/A       100%        3
 Airstrike                Air            0%         2d(0-16)  100%        4
 Anguish                  Hex/Necr       0%         N/A       100%        4
 Animate Dead             Necr           0%         N/A       100%        4
 Dispel Undead            Necr           0%         3d6       100%        4
 Flame Wave               Conj/Fire      0%         2d4       100%        4
 Ice Form                 Ice/Tmut       0%         N/A       100%        4
 Manifold Assault         Tloc           0%         N/A       100%        4
 Passage of Golubria      Tloc           0%         N/A       100%        4
 Summon Lightning Spire   Summ/Air       0%         N/A       100%        4
 Alistair's Intoxication  Tmut/Pois      0%         N/A       100%        5
 Arcjolt                  Conj/Air       0%         1d10      100%        5
 Metabolic Englaciation   Hex/Ice        0%         N/A       100%        5
 Yara's Violent Unravell  Hex/Tmut       0%         3d3       100%        5
 Simulacrum               Ice/Necr       0%         N/A       100%        6
 Enfeeble                 Hex            0%         N/A       100%        7
 Malign Gateway           Summ/Tloc      0%         N/A       100%        7
 Orb of Destruction       Conj           0%         9d5       100%        7
 Spellforged Servitor     Conj/Summ      0%         N/A       100%        7
 Storm Form               Tmut/Air       0%         N/A       100%        7
 Maxwell's Capacitive Co  Air            0%         ∞         100%        8
 Chain Lightning          Conj/Air       0%         N/A       100%        9
 Fire Storm               Conj/Fire      0%         5d1       100%        9
 Polar Vortex             Ice            0%         N/A       100%        9
 Shatter                  Erth           0%         3d5*      100%        9


Dungeon Overview and Level Annotations

Branches:
Dungeon (15/15)            Temple (1/1) D:7            Lair (5/5) D:8
 Shoals (0/4) Lair:2        Snake (0/4) Lair:2        Slime (0/5) Lair:4
    Orc (2/2) D:12            Elf (3/3) Orc:2        Vaults (0/5) D:13
 Depths (0/4) D:15         Bailey (visited)         Desolation (visited)
Gauntlet (visited)

Altars:
Ashenzari
Cheibriados
Dithmenos
Elyvilon
Fedhas
Gozag
Hepliaklqana
Kikubaaqudgha
Makhleb
Nemelex Xobeh
Okawaru
Qazlal
Ru
Sif Muna
Trog
Uskayaw
Vehumet
Wu Jian
Xom
Yredelemnul
Zin
The Shining One
Jiyva

Shops:
D:3 *   D:7 (   D:9 (   D:10 :   D:14 (?(!=   Orc:1 *   Orc:2 =((=   Elf:3 =

Annotations:
D:7 1 runed translucent door, Crazy Yiuf


Innate Abilities, Weirdness & Mutations

You have a pair of horns on your head.
You reflexively headbutt those who attack you in melee.
Your mind is acute. (Int +4, Str/Dex -1)


Message History

The deep elf high priest mumbles some strange prayers to its god against you.
Something smites you!
* * * LOW HITPOINT WARNING * * *
The deep elf high priest starts to sing a prayer.
You slash the deep elf death mage!
You headbutt the deep elf death mage, but do no damage.
The deep elf death mage is almost dead.
The deep elf death mage casts a spell at you.
The bolt of negative energy hits you but does no damage.
You resist.
Uskayaw will force your foes to helplessly watch your dance.
You slice the deep elf high priest!!
Your headbutt misses the deep elf high priest.
The deep elf high priest is severely wounded.
You slash the deep elf death mage!
You chop the deep elf high priest into pieces!!!
You kill the deep elf high priest!
You closely miss the deep elf death mage.
The deep elf high priest mumbles some strange prayers to its god against you.
Something smites you!
* * * LOW HITPOINT WARNING * * *
The deep elf death mage points at you and mumbles some strange words.
The bolt of negative energy hits you but does no damage.
You resist.
Uskayaw will force your foes to share their pain.
Uskayaw links your audience in an emotional bond!
You barely miss the deep elf death mage.
You headbutt the deep elf death mage.
You kill the deep elf death mage!
You rampage towards the deep elf blademaster!
A deep elf sorcerer comes into view. It is wielding a +0 short sword.
The +3 glaive of protection hits you from afar!
* * * LOW HITPOINT WARNING * * *
You block the deep elf blademaster's attack. x2
You slice the deep elf blademaster!!
The deep elf blademaster is moderately wounded.
The deep elf high priest prays to its god.
The deep elf high priest begins emitting a brilliant aura!
The +3 glaive of protection hits you from afar!
You die...

............[................####
...............................##
........................≈~~~~....
......................~≈≈≈≈≈≈≈~..
~~~≈~~~~~~~~~≈~~≈~~≈≈~≈≈#####≈≈~.
≈~≈≈≈≈≈≈≈≈≈~≈≈≈~≈≈≈≈≈≈≈##...##≈~.
########################.....##~~
............(.e)....'.......#≈~
..........e...@))...#.......#≈~
+########e########'####.......#≈≈
...........#..........##.....##≈≈
..?)..)....+...........##...##≈≈.
...........#.......[....##''#≈~~.
#######e##############...'..#≈~..
#ee.# #...#..#≈~.. #.e.#
##'##..#≈~.. #...# #...#..#≈~..


You could see a deep elf blademaster (pain bonded), a deep elf sorcerer
(empowered), a deep elf high priest (brilliance aura, pain bonded) and a +3
glaive of protection (pain bonded).

Vanquished Creatures
  Jorgrun (Elf:1)
  A deep elf blademaster (Elf:2)
  Kirke (Lair:5)
  A frost giant (D:15)
  3 deep elf sorcerers
  2 imperial myrmidons (Desolation)
  2 angels (Elf:1)
  A deep elf demonologist (Elf:2)
  3 halazid warlocks (Desolation)
  2 deep elf annihilators (Elf:3)
  A minotaur (Gauntlet)
  The ghost of Wevvam the Severer, a journeyman HOFi of Gozag (Orc:1)
  A deep elf death mage (Elf:3)
  A dire elephant (Lair:5)
  The ghost of Sadonosm the Carver, a journeyman DgSk (Lair:3)
  2 deep elf high priests
  3 crystal guardians
  9 ragged hierophants (Desolation)
  2 ettins
  5 servants of whispers (Desolation)
  10 peacekeepers (Desolation)
  2 ogre magi (Orc:2)
  Harold (Lair:1)
  5 vault guards
  3 hydras
  7 centaur warriors
  32 dancing weapons
  Erica (D:8)
  A catoblepas (Lair:5)
  7 death yaks
  6 boulder beetles
  11 two-headed ogres
  2 tengu warriors (D:15)
  An orc high priest (Elf:2)
  6 spriggan berserkers (Elf:1)
  Nergalle (D:11)
  Amaemon (Lair:3)
  16 deep elf knights
  3 skeletal warriors (D:14)
  2 deep trolls (Orc:2)
  A flayed ghost (D:11)
  A glowing orange brain (shapeshifter) (D:13)
  14 orc knights
  A steelbarb worm (shapeshifter) (D:15)
  A wizard (D:14)
  11 deep elf archers
  2 orange crystal statues
  25 deep elf pyromancers
  23 deep elf zephyrmancers
  An ironbound convoker (Desolation)
  2 ugly things
  3 orc sorcerers
  An oklob plant (Lair:1)
  10 cyclopes
  A salamander (Lair:2)
  3 manticores
  3 guardian serpents (Desolation)
  3 black mambas
  An orange demon (Lair:3)
  5 cane toads
  3 gargoyles (D:13)
  3 kobold demonologists
  10 komodo dragons
  Maggie (D:7)
  An unseen horror (D:11)
  A freezing wraith (D:10)
  A rime drake (Lair:4)
  3 tengu conjurers
  A komodo dragon (shapeshifter) (D:14)
  5 efreet
  2 polar bears (Lair:3)
  11 trolls
  2 hornets
  6 blink frogs (Lair:5)
  Prince Ribbit (D:5)
  6 dream sheep (Lair:5)
  59 saltlings (Desolation)
  A snapping turtle (Lair:2)
  11 slime creatures
  A shadow (D:11)
  8 water elementals
  2 air elementals
  2 vampires (D:11)
  15 flying skulls (Gauntlet)
  4 hogs (Lair:5)
  3 wyverns
  A wraith (D:12)
  3 fire elementals (Elf:1)
  8 humans (Bailey)
  A human (shapeshifter) (Elf:2)
  43 yaks
  A steam dragon (D:8)
  3 basilisks
  9 vampire mosquitoes
  Menkaure (D:5)
  2 wargs
  18 water moccasins
  2 acid dragons
  Duvessa (D:5)
  7 black bears
  20 orc warriors
  2 sky beasts
  3 ice beasts
  A black bear (shapeshifter) (D:15)
  13 wolves
  24 ogres
  5 centaurs
  3 kobold brigands
  12 bullfrogs
  7 earth elementals
  A cane toad simulacrum (Lair:5)
  2 scorpions
  13 wights
  Dowan (D:5)
  19 killer bees
  5 howler monkeys
  2 electric eels
  4 lava snakes (Lair:2)
  2 jellies
  3 hounds
  A gnoll bouda (D:5)
  13 orc priests
  2 iguanas
  A bullfrog skeleton (D:5)
  4 sleepcaps
  18 orc wizards
  A mummy (D:5)
  Robin (D:3)
  11 gnolls
  10 adders
  2 shadow imps
  A white imp (D:6)
  An ufetubus (D:6)
  3 worms (D:3)
  4 dart slugs
  87 orcs
  9 ball pythons
  8 endoplasms
  6 giant cockroaches
  22 goblins
  18 hobgoblins
  3 jackals (D:1)
  3 quokkas
  2 bats (D:3)
  4 frilled lizards
  23 kobolds
  6 rats
942 creatures vanquished.

Vanquished Creatures (others)
  A cyclops (D:11)
  A human (Lair:5)
  A kobold (D:11)
3 creatures vanquished.

Grand Total: 945 creatures vanquished

Notes
Turn   | Place    | Note
-------+----------+-------------------------------------------
     0 | D:1      | jimonade the Minotaur Monk began the quest for the Orb.
     0 | D:1      | Reached XP level 1. HP: 19/19 MP: 0/0
   193 | D:1      | Reached XP level 2. HP: 21/27 MP: 1/1
   347 | D:1      | Reached skill level 4 in Axes
   457 | D:1      | Found a faded altar of an unknown god.
   625 | D:2      | Reached XP level 3. HP: 33/33 MP: 2/2
   745 | D:2      | Found a burning altar of Makhleb.
  1167 | D:2      | Reached XP level 4. HP: 37/41 MP: 3/3
  1698 | D:3      | Found Givar's General Store.
  1713 | D:3      | Bought a scroll of brand weapon for 95 gold pieces
  1835 | D:3      | Noticed Robin
  1861 | D:3      | Killed Robin
  1862 | D:3      | Reached skill level 1 in Maces & Flails
  1913 | D:3      | Reached skill level 1 in Armour
  2025 | D:3      | Reached XP level 5. HP: 34/47 MP: 4/4
  2032 | D:3      | Reached skill level 5 in Fighting
  3039 | D:4      | Reached XP level 6. HP: 41/56 MP: 5/5
  3380 | D:4      | Reached XP level 7. HP: 57/62 MP: 6/6
  3526 | D:4      | Reached skill level 5 in Maces & Flails
  3812 | D:5      | Entered Level 5 of the Dungeon
  3935 | D:5      | Found a transporter.
  3936 | D:5      | Found a transporter.
  3960 | D:5      | Found a basalt altar of Yredelemnul.
  3968 | D:5      | Noticed Menkaure
  3971 | D:5      | Found an ancient bone altar of Kikubaaqudgha.
  4119 | D:5      | Reached skill level 5 in Armour
  4204 | D:5      | Found an ornate altar of the Wu Jian Council.
  4204 | D:5      | Noticed Prince Ribbit
  4211 | D:5      | Killed Prince Ribbit
  4212 | D:5      | Reached XP level 8. HP: 71/71 MP: 7/7
  4278 | D:5      | Found an opulent altar of Gozag.
  4512 | D:5      | Noticed Dowan
  4533 | D:5      | Noticed Duvessa
  4544 | D:5      | Killed Duvessa
  4554 | D:5      | Killed Dowan
  5340 | D:6      | Reached XP level 9. HP: 50/79 MP: 8/8
  6367 | D:7      | Reached skill level 10 in Maces & Flails
  6432 | D:7      | Found a staircase to the Ecumenical Temple.
  6444 | Temple   | Entered the Ecumenical Temple
  6509 | Temple   | Became a worshipper of Uskayaw the Reveller
  6509 | Temple   | Reached * piety under Uskayaw
  6679 | D:7      | Reached ** piety under Uskayaw
  6708 | D:7      | Noticed Maggie
  6748 | D:7      | Reached *** piety under Uskayaw
  6750 | D:7      | Killed Maggie
  6750 | D:7      | Reached **** piety under Uskayaw
  6859 | D:7      | Found Nairy's Weapon Boutique.
  6899 | D:7      | Reached ***** piety under Uskayaw
  7072 | D:7      | Reached XP level 10. HP: 59/90 MP: 9/9
  7172 | D:7      | Found a runed translucent door.
  7173 | D:7      | Noticed Crazy Yiuf
  7196 | D:7      | Found a broken altar of Ashenzari.
  7454 | D:8      | Noticed a cyan ugly thing
  7479 | D:8      | Reached skill level 5 in Axes
  7486 | D:8      | Killed a cyan ugly thing
  7487 | D:8      | Reached skill level 10 in Armour
  7615 | D:8      | Noticed Erica
  7616 | D:8      | Found a flagged portal.
  7642 | D:8      | Killed Erica
  7657 | Bailey   | Entered a bailey
  7864 | Bailey   | Reached skill level 6 in Axes
  7952 | Bailey   | Reached skill level 5 in Dodging
  7989 | Bailey   | Reached ****** piety under Uskayaw
  8018 | Bailey   | Noticed a vault guard
  8019 | Bailey   | Noticed a cane toad
  8019 | Bailey   | Noticed a vault guard
  8040 | Bailey   | Killed a cane toad
  8053 | Bailey   | Killed a vault guard
  8054 | Bailey   | Reached XP level 11. HP: 33/97 MP: 10/10
  8055 | Bailey   | Killed a vault guard
  8056 | Bailey   | Reached skill level 7 in Axes
  8436 | D:8      | Identified a scroll of acquirement
  8438 | D:8      | Acquired the +10 executioner's axe "Waqiliblets" {drain,
                  | *Noise rC+ rCorr Int+2}
  8562 | D:8      | Found a staircase to the Lair.
  8591 | D:8      | Reached skill level 10 in Fighting
  8925 | D:8      | Reached skill level 8 in Axes
  9340 | D:9      | Noticed a two-headed ogre
  9357 | D:9      | Killed a two-headed ogre
  9517 | D:9      | Found Durrila's Weapon Shoppe.
  9527 | D:9      | Reached skill level 9 in Axes
  9679 | D:9      | Identified the +6 short sword of Awkwardness {spect, Will+}
  9947 | D:9      | Reached skill level 10 in Axes
 10063 | D:9      | Found a white marble altar of Elyvilon.
 10495 | D:10     | Entered Level 10 of the Dungeon
 10660 | D:10     | Noticed a two-headed ogre
 10679 | D:10     | Killed a two-headed ogre
 10782 | D:10     | Reached skill level 1 in Invocations
 10877 | D:10     | Found Neaptuur's Book Shoppe.
 10929 | D:10     | Found a blossoming altar of Fedhas.
 10951 | D:10     | Found a sacrificial altar of Ru.
 11108 | D:10     | Reached skill level 11 in Axes
 11357 | D:11     | Noticed a centaur warrior
 11360 | D:11     | Noticed an orc knight
 11381 | D:11     | Killed a centaur warrior
 11382 | D:11     | Reached XP level 12. HP: 90/108 MP: 12/12
 11406 | D:11     | Identified the ring of Discretion {+Blink rPois rF- rN+++
                  | EV+5}
 11421 | D:11     | HP: 4/108 [cyclops/large rock (10)]
 11429 | D:11     | Noticed a two-headed ogre
 11442 | D:10     | Killed a two-headed ogre
 11443 | D:10     | Reached skill level 12 in Axes
 11734 | D:11     | Noticed a boulder beetle
 11756 | D:11     | Killed a boulder beetle
 11818 | D:11     | Identified the +10 broad axe of the Lusting Oracle {heavy,
                  | +Blink rC++ rN+ Stlth-}
 11818 | D:11     | Identified the ring "Dofefess" {Will+ Str+6}
 11821 | D:11     | Gained mutation: Your mind is acute. (Int +4, Str/Dex -1)
                  | [a neqoxec]
 11840 | D:11     | Identified the +7 whip of Sudden Death {drain, rF+ Str+4
                  | Int+3 Dex+2}
 12288 | D:11     | Reached skill level 13 in Axes
 12517 | D:11     | Noticed Nergalle
 12527 | D:11     | Killed Nergalle
 12569 | D:11     | Noticed a boulder beetle
 12576 | D:11     | Noticed a centaur warrior
 12597 | D:11     | Killed a centaur warrior
 12601 | D:11     | Killed a boulder beetle
 13219 | D:12     | Noticed a boulder beetle
 13233 | D:12     | Killed a boulder beetle
 13314 | D:12     | Noticed a two-headed ogre
 13323 | D:12     | Killed a two-headed ogre
 13324 | D:12     | Reached skill level 14 in Axes
 13556 | D:12     | Reached XP level 13. HP: 116/116 MP: 15/15
 13642 | D:12     | Found a staircase to the Orcish Mines.
 14090 | D:12     | Reached skill level 16 in Axes
 14090 | D:12     | Reached XP level 14. HP: 124/124 MP: 16/16
 14771 | D:13     | Reached skill level 17 in Axes
 14776 | D:13     | Reached skill level 5 in Invocations
 14963 | D:13     | Found a runed translucent door.
 15350 | D:13     | Found a gate to the Vaults.
 15358 | D:13     | Reached skill level 1 in Shields
 15580 | Lair:1   | Entered Level 1 of the Lair of Beasts
 15601 | Lair:1   | Found a transporter.
 15603 | Lair:1   | Found a transporter.
 15631 | Lair:1   | Noticed Harold
 15637 | Lair:1   | Killed Harold
 16787 | Lair:2   | Found a staircase to the Snake Pit.
 17323 | Lair:2   | Found a staircase to the Shoals.
 17329 | Lair:2   | Reached skill level 18 in Axes
 17466 | Lair:3   | Noticed Amaemon
 17488 | Lair:3   | Killed Amaemon
 17874 | Lair:3   | Found a runed translucent gate.
 17874 | Lair:3   | Found a runed translucent gate.
 17874 | Lair:3   | Found a runed translucent gate.
 17915 | Lair:3   | Found an ornate altar of the Wu Jian Council.
 18316 | Lair:3   | Noticed Sadonosm's ghost (journeyman DgSk)
 18327 | Lair:3   | Killed Sadonosm's ghost
 18468 | Lair:4   | Reached XP level 15. HP: 122/136 MP: 18/18
 18678 | Lair:4   | Found a viscous altar of Jiyva.
 18678 | Lair:4   | Found a staircase to the Slime Pits.
 19208 | Lair:5   | Entered Level 5 of the Lair of Beasts
 19312 | Lair:5   | Noticed Kirke
 19321 | Lair:5   | Killed Kirke
 19322 | Lair:5   | Reached skill level 5 in Shields
 19536 | Lair:5   | Identified the +2 falchion of the Swamp {drain, Str+2
                  | Int+4}
 20382 | D:5      | Killed Menkaure
 21110 | D:13     | Identified the staff of earth "Yhet" {rF- Dex+5}
 21226 | D:13     | Identified the ring "Gepusai" {Ice rPois rCorr Str-3}
 21240 | D:13     | Identified the staff of conjuration "Ficzohye" {*Slow rPois
                  | rC++ rN+}
 21315 | D:14     | Found a gate leading to a gauntlet.
 21340 | Gauntlet | Entered a Gauntlet
 21340 | Gauntlet | Found a large runed translucent door.
 21340 | Gauntlet | Found a large runed translucent door.
 21340 | Gauntlet | Found a large runed translucent door.
 21340 | Gauntlet | Found a large runed translucent door.
 21340 | Gauntlet | Found a large runed translucent door.
 21340 | Gauntlet | Found a large runed translucent door.
 21340 | Gauntlet | Found a large runed translucent door.
 21340 | Gauntlet | Found a large runed translucent door.
 21340 | Gauntlet | Found a runed translucent door.
 21340 | Gauntlet | Found a runed translucent gate.
 21340 | Gauntlet | Found a transporter.
 21340 | Gauntlet | Found a transporter.
 21340 | Gauntlet | Found a runed translucent gate.
 21340 | Gauntlet | Found a transporter.
 21402 | Gauntlet | Found a transporter.
 21405 | Gauntlet | Found a transporter.
 21406 | Gauntlet | Found a runed translucent gate.
 21406 | Gauntlet | Found a runed translucent door.
 21410 | Gauntlet | Found a large runed translucent door.
 21410 | Gauntlet | Found a large runed translucent door.
 21415 | Gauntlet | Found a transporter.
 21446 | Gauntlet | Found a large runed translucent door.
 21446 | Gauntlet | Found a large runed translucent door.
 21449 | Gauntlet | Found a large runed translucent door.
 21449 | Gauntlet | Found a large runed translucent door.
 21450 | Gauntlet | Found a large runed translucent door.
 21451 | Gauntlet | Found a large runed translucent door.
 21480 | Gauntlet | Found a transporter.
 21495 | Gauntlet | Found a transporter.
 21505 | Gauntlet | Found a transporter.
 21515 | Gauntlet | Found a transporter.
 21530 | Gauntlet | Found a transporter.
 21536 | Gauntlet | Found a transporter.
 21620 | Gauntlet | Identified the +0 cloak of Zeulod {Str+2}
 21742 | Gauntlet | Identified the +8 crystal plate armour "Memorch" {Int+4}
 21742 | Gauntlet | Identified the ring "Haixelag" {AC+4 Stlth+}
 21917 | D:14     | Reached skill level 19 in Axes
 22100 | D:14     | Found Kudyop Dafu's Weapon Boutique.
 22152 | D:14     | Found Laownoh's Weapon Boutique.
 22152 | D:14     | Found Nahaogoi's Magic Scroll Shoppe.
 22156 | D:14     | Found Xijocoukh's Jewellery Boutique.
 22156 | D:14     | Found Qilit's Distillery.
 22188 | D:14     | Bought an amulet of reflection for 420 gold pieces
 22372 | D:14     | Bought a scroll of teleportation for 51 gold pieces
 22372 | D:14     | Bought a scroll of teleportation for 51 gold pieces
 22657 | D:15     | Entered Level 15 of the Dungeon
 23400 | D:15     | Found a staircase to the Depths.
 23400 | D:15     | Noticed a frost giant
 23406 | D:15     | Killed a frost giant
 23616 | Orc:1    | Entered Level 1 of the Orcish Mines
 23617 | Orc:1    | Found Appepued's Assorted Antiques.
 24124 | Orc:1    | Found a large runed translucent door.
 24125 | Orc:1    | Found a large runed translucent door.
 24129 | Orc:1    | Noticed Wevvam's ghost (journeyman HOFi)
 24162 | Orc:1    | Killed Wevvam's ghost
 24284 | Orc:2    | Entered Level 2 of the Orcish Mines
 24325 | Orc:2    | Paralysed by an orc sorcerer for 4 turns
 24396 | Orc:2    | Found a staircase to the Elven Halls.
 24496 | Orc:2    | Found Xailutar's Jewellery Shop.
 24501 | Orc:2    | Found Deask's Antique Weapon Boutique.
 24503 | Orc:2    | Reached XP level 16. HP: 135/147 MP: 21/21
 24521 | Orc:2    | Found Iwnoucvom's Jewellery Shoppe.
 24617 | Orc:2    | Found Moth's Weapon Boutique.
 24621 | Orc:2    | Bought the ring of Nery {rElec rF+ rC+ Stlth+} for 780 gold
                  | pieces
 24621 | Orc:2    | Bought the ring of Fucutygh {rPois rCorr AC+4 Str+3} for
                  | 945 gold pieces
 24925 | Orc:1    | Bought a scroll of acquirement for 1404 gold pieces
 24926 | Orc:1    | Acquired the +0 hat of Midsummer {rN++ Regen+ Int+4 Dex-2
                  | Stlth+}
 24976 | Elf:1    | Entered Level 1 of the Elven Halls
 24976 | Elf:1    | Found a runed translucent gate.
 24976 | Elf:1    | Found a runed translucent gate.
 24976 | Elf:1    | Found a runed translucent gate.
 24976 | Elf:1    | Found a runed translucent gate.
 24976 | Elf:1    | Found a runed translucent gate.
 24976 | Elf:1    | Found a runed translucent gate.
 24978 | Elf:1    | Found a runed translucent door.
 24983 | Elf:1    | Reached skill level 15 in Fighting
 25058 | Elf:1    | Found a white marble altar of Elyvilon.
 25059 | Elf:1    | Found a crumbling gateway.
 25059 | Elf:1    | Found a glowing golden altar of the Shining One.
 25059 | Elf:1    | Noticed Jorgrun
 25072 | Elf:1    | Found a glowing silver altar of Zin.
 25085 | Elf:1    | Reached skill level 10 in Shields
 25088 | Elf:1    | Killed Jorgrun
 25097 | Desolati | Entered the Desolation of Salt
 25293 | Desolati | Identified the +1 plate armour of Daisies {rElec rF+ Int-4}
 25296 | Desolati | Got the Directory of Rotting Apparitions
 25301 | Desolati | Identified the +0 fire dragon scales "Suovvimp" {rF++ rC-
                  | rCorr}
 25348 | Desolati | Got the Atlas of Assaults and the Excursion
 25349 | Desolati | Identified the amulet "Xualaula" {Faith Will- rCorr Stlth+}
 25417 | Desolati | Identified the +1 robe of Vaetus {+Inv}
 25429 | Desolati | Got Loolafy's Information on the Voyage and Freezing
 25430 | Desolati | Identified the +0 ring mail "Toonn" {Harm *Corrode Will++
                  | SInv}
 25640 | Desolati | Reached skill level 20 in Axes
 25776 | Desolati | Reached XP level 17. HP: 141/157 MP: 18/23
 25825 | Desolati | Got the Compendium of Viperous Bad Luck
 25982 | Desolati | Identified the ring "Nyt Cim" {rF+ Will+}
 26121 | Elf:1    | Reached skill level 10 in Invocations
 26604 | Elf:1    | Found a runed translucent door.
 26961 | Elf:1    | Found a bloodstained altar of Trog.
 27000 | Elf:1    | Identified the +2 quarterstaff of Light {drain, Fly Str+2}
 27301 | Elf:2    | Paralysed by an air elemental for 1 turns
 27415 | Elf:2    | Found a runed translucent gate.
 27415 | Elf:2    | Found a runed translucent gate.
 27415 | Elf:2    | Found a runed translucent gate.
 27702 | Elf:2    | Found a radiant altar of Vehumet.
 27786 | Elf:2    | Found a shimmering blue altar of Sif Muna.
 28076 | Elf:2    | Noticed a deep elf blademaster
 28087 | Elf:2    | Killed a deep elf blademaster
 28088 | Elf:2    | Reached skill level 15 in Shields
 28151 | Elf:2    | Reached XP level 18. HP: 132/168 MP: 25/25
 28169 | Elf:2    | Reached skill level 15 in Armour
 28459 | Elf:3    | Entered Level 3 of the Elven Halls
 28500 | Elf:3    | Found Ronom's Jewellery Boutique.
 29150 | Elf:3    | HP: 6/169 [deep elf high priest/damnation (17)]
 29175 | Elf:3    | HP: 5/170 [+3 glaive of protection (12)]
 29176 | Elf:3    | Slain by a +3 glaive of protection

Illustrated notes

Levels and vault maps discovered:
D:1:      roderic_chinese_lattice_arrival, layout_rooms,
          hellmonk_ecumenical_altar_run_dry, minmay_misc_feat_doors
D:2:      layout_loops_ring, basic_altar, kennysheep_potato
D:3:      layout_basic, serial_shops, nicolae_shop_hallway_plus, uniq_robin
D:4:      minmay_door_path, layout_loops_cross, minmay_box_of_dots
D:5:      layout_basic, nzn_wu_jian_contemplation, lemuel_tele_altar,
          gammafunk_temple_of_torment, uniq_prince_ribbit1, uniq_duvessa
D:6:      layout_basic
D:7:      statuecave_lemuel, layout_rooms, kennysheep_mini_moat,
          minmay_temple_entry_antechambers, serial_shops, kennysheep_mini,
          kennysheep_pointless_box, uniq_crazy_yiuf_cottage, uniq_maggie
D:8:      layout_loops_cross, minmay_lair_entry_grove, special_room
          [special_room_orc], enter_bailey_3, uniq_erica
D:9:      layout_basic, mainiacjoe_overflow_paths, serial_shops, shop,
          chequers_mini_garden, lightli_corner_chamber
D:10:     layout_loops_ring, mainiacjoe_overflow_alcove_2, fedhas_altar_2,
          serial_shops, nicolae_shop_stone
D:11:     minmay_the_grid_square_5x5_4x4 [minmay_the_grid_square_5x5_c,
          minmay_the_grid_square_5x5_n_small, minmay_the_grid_square_5x5_two,
          minmay_the_grid_square_5x5_comb, minmay_the_grid_square_5x5_inner_v,
          minmay_the_grid_square_5x5_prize_gold,
          minmay_the_grid_square_5x5_prize_snowflake,
          minmay_the_grid_square_5x5_lines, minmay_the_grid_square_5x5_shrine1,
          minmay_the_grid_square_5x5_prize_deathbox,
          minmay_the_grid_square_5x5_prize_monsterx,
          minmay_the_grid_square_5x5_two_walls_a,
          minmay_the_grid_square_5x5_moneybag,
          minmay_the_grid_square_5x5_shrine2,
          minmay_the_grid_square_5x5_minimal,
          minmay_the_grid_square_5x5_corner], layout_basic,
          lemuel_nasty_fountain, uniq_nergalle
D:12:     layout_loops_ring, hiddenorc2_lemuel
D:13:     layout_cave_pools, grunt_vaults_entry_fortified, minmay_crystal_box
D:14:     layout_long_grid, serial_shops, nicolae_shop_crystal,
          gauntlet_entry_generic, nicolae_wooded_promenade
D:15:     grunt_enter_depths_snipers, layout_basic
Temple:   eino_temple_water
Lair:1:   gammafunk_boulding_lane, layout_chaotic_city,
          minmay_lair_oklob_bushes, uniq_harold
Lair:2:   layout_roguey, minmay_shoals_entry_hut,
          nicolae_snake_entry_warm_welcome, minivault_27
Lair:3:   layout_concentric_octagons, basic_altar, ebering_ghost_rock_garden,
          lemuel_fruit_tree, infiniplex_staircase_pool_2, uniq_amaemon
Lair:4:   layout_cave_pods, dpeg_slime_entry_enclosed,
          chequers_serial_rivers_micro_a
Lair:5:   due_jungle_book, layout_gridlike, uniq_kirke
Orc:1:    layout_diamond_mine, ebering_ghost_disaster_area, serial_shops, shop
Orc:2:    st_orc_open, layout_caves
Elf:1:    nicolae_elf_arrival_dilemma, layout_geoelf_octagon,
          portal_desolation_entry_holy_temple, hangedman_corner_corridor,
          evilmike_spriggan_trog_shrine, lemuel_upstairs_altar, uniq_jorgrun
Elf:2:    nicolae_elf_blades_splatter_lattice [nicolae_blade_tridents],
          layout_loops_cross, basic_altar, nicolae_elf_theology_debate
Elf:3:    minmay_elf_hall_not_hex, layout_geoelf_castle, serial_shops,
          nicolae_shop_tiny_waterfront

Skill      XL: |  1  2  3  4  5  6  7  8  9 10 11 12 13 14 15 16 17 18 |
---------------+-------------------------------------------------------+-----
Fighting       | 4 5 6 7 8 9 10 11 13 14 15 16 17 | 17.2
Axes           | 4 6 11 14 16 18 19 20 | 20.8
Maces & Flails | 2 3 4 6 8 11 12 | 12.8
Armour         | 1 2 3 6 8 9 10 11 12 13 14 15 | 15.1
Dodging        | 4 5 6 7 8 9 |  9.5
Invocations    | 1 4 6 8 9 10 11 | 11.1
Shields        | 4 8 12 15 | 15.8
Stealth        | |  0.6

Action                     |  1- 3 |  4- 6 |  7- 9 | 10-12 | 13-15 | 16-18 || total
---------------------------+-------+-------+-------+-------+-------+-------++-------
  Melee: Hand axe          |    35 |       |       |       |       |       ||    35
         Headbutt          |     8 |    39 |    81 |   192 |   107 |   104 ||   531
         Whip              |    28 |   139 |   292 |   442 |       |       ||   901
         Broad axe         |       |       |       |   170 |   504 |   527 ||  1201
         Executioner's axe |       |       |       |       |    17 |       ||    17
         Spear             |       |       |       |       |     1 |       ||     1
  Throw: Dart              |       |       |       |       |     1 |       ||     1
         Throwing net      |       |       |       |       |     1 |       ||     1
 Invoke: Stomp             |       |       |       |       |     1 |       ||     1
         Line Pass         |       |       |       |       |       |     1 ||     1
  Evoke: Wand              |       |       |       |     7 |       |       ||     7
    Use: Scroll            |       |       |    13 |    10 |     8 |     2 ||    33
         Potion            |       |       |       |     3 |     2 |     3 ||     8
   Stab: Paralysed         |       |       |     4 |    43 |    91 |    74 ||   212
         Confused          |       |       |       |       |       |     1 ||     1
 Armour: Robe              |     4 |       |       |       |       |       ||     4
         Plate armour      |     8 |    78 |   146 |       |    68 |   205 ||   505
         Steam dragon scal |       |       |     7 |    27 |       |       ||    34
         Ring mail         |       |       |       |   218 |    93 |       ||   311
  Dodge: Dodged            |    38 |    26 |    75 |   274 |   224 |   136 ||   773
  Block: Kite shield       |       |       |       |       |   147 |   380 ||   527
         Reflection        |       |       |       |       |     9 |    24 ||    33
